 Dungeon Crawl Stone Soup version 0.29.0-11-gd7f09526c8 (webtiles) character file.

Game seed: 13263574396022437597

653 MisterFreud the Basher (level 7, -9/41 HPs)
             Began as a Gargoyle Fighter on Sept 4, 2022.
             Mangled by an ogre
             ... wielding a +0 giant club
              (16 damage)
             ... on level 4 of the Dungeon.
             The game lasted 00:08:43 (5071 turns).

MisterFreud the Basher (Gargoyle Fighter)           Turns: 5071, Time: 00:08:44

Health: -9/41      AC: 39    Str: 24    XL:     7   Next: 54%
Magic:  7/7        EV:  3    Int:  5    God:
Gold:   126        SH:  4    Dex: 11    Spells: 6/6 levels left

rFire   . . .      SeeInvis .   a - +1 flail
rCold   + . .      Faith    .   c - +0 buckler
rNeg    + . .      Spirit   .   q - +13 crystal plate armour of Zungal {Rampage Str+3 Int-4 Dex+2}
rPois   ∞          Reflect  .   (no helmet)
rElec   +          Harm     .   (no cloak)
rCorr   .          Rampage  +   i - +0 pair of gloves
Will    .....                   (no boots)
Stlth   ..........              (no amulet)
HPRegen 0.13/turn               f - +4 ring of protection
MPRegen 0.10/turn               h - ring of protection from cold

@: no status effects
A: sickness immunity, AC +4, negative energy resistance 1, electricity
resistance, torment resistance 1, petrification resistance
a: no special abilities


You were on level 4 of the Dungeon.
You visited 1 branch of the dungeon, and saw 5 of its levels.

You collected 298 gold pieces.
You spent 172 gold pieces at shops.

Inventory:

Hand Weapons
 a - a +1 flail (weapon)
Missiles
 x - 2 boomerangs (quivered)
 D - 2 silver boomerangs
Armour
 b - a +0 scale mail
 c - a +0 buckler (worn)
 i - a +0 pair of gloves (worn)
 q - the +13 crystal plate armour of Zungal (worn) {Rampage Str+3 Int-4 Dex+2}
   (You acquired it on level 4 of the Dungeon)

   Str:       It affects your strength (+3).
   Int:       It affects your intelligence (-4).
   Dex:       It affects your dexterity (+2).
   Rampage:   It bestows one free step when moving towards enemies.
Jewellery
 f - a +4 ring of protection (left hand)
 h - a ring of protection from cold (right hand)
 A - a ring of see invisible
 E - an amulet of faith
 F - a ring of protection from fire
Wands
 j - a wand of roots (9)
 w - a wand of light (4)
Scrolls
 l - a scroll of torment
 m - 2 scrolls of blinking
 n - 3 scrolls of enchant weapon
 p - a scroll of magic mapping
 u - a scroll of enchant armour {unknown}
 y - a scroll of teleportation
Potions
 d - a potion of invisibility
 e - a potion of lignification
 g - a potion of resistance
 k - a potion of flight
 o - a potion of mutation
 z - a potion of brilliance
 B - a potion of heal wounds
 C - a potion of cancellation


   Skills:
 - Level 3.2 Fighting
 + Level 8.2 Maces & Flails
 + Level 3.3 Armour
 - Level 3.2 Shields


You had 6 spell levels left.
You didn't know any spells.
Your spell library contained the following spells:

 Spells                   Type           Power      Damage    Failure   Level
 Gell's Gravitas          Tloc           0%         N/A       100%        3
 Teleport Other           Tloc           0%         N/A       100%        3
 Dispersal                Tloc           0%         N/A       100%        6


Dungeon Overview and Level Annotations

Branches:
Dungeon (5/15)
 Temple: D:4-7

Altars:
The Shining One

Shops:
D:2 ?   D:3 ((**(   D:4 :


Innate Abilities, Weirdness & Mutations

You are immune to sickness and miasma.
Your stone body is resilient. (AC +4)
You are immune to poison.
You resist negative energy. (rN+)
You are resistant to electric shocks. (rElec)
You are resistant to unholy torment.
You are immune to petrification.


Message History

The ogre shouts!
The jelly quivers.
The hound barks!
The adder hisses angrily. x2; You hear a shout!
You hear an angry hiss.
An adder comes into view.
The adder hisses angrily.
Found 33 gold pieces.
Found a glowing golden altar of the Shining One.
There is a stone staircase leading up here.
The ogre hits you but does no damage.
You climb upwards.
There is a stone staircase leading down here.
You barely miss the ogre.
The ogre hits you with a +0 giant club!!
Ouch! That really hurt!
You are too injured to fight recklessly!
You are too injured to fight recklessly!
You are too injured to fight recklessly!
You thump the ogre!
The ogre is moderately wounded.
The ogre hits you with a +0 giant club!
* * * LOW HITPOINT WARNING * * *
You hit the ogre.
The ogre is moderately wounded.
You barely miss the ogre.
The ogre is moderately wounded.
The ogre hits you but does no damage.
You sock the ogre!
The ogre is heavily wounded.
The ogre hits you with a +0 giant club.
* * * LOW HITPOINT WARNING * * *
You hit the ogre.
The ogre is severely wounded.
You completely miss the ogre.
The ogre is severely wounded.
The ogre hits you but does no damage.
You hit the ogre.
The ogre is severely wounded.
The ogre hits you with a +0 giant club!
You die...

## #........##.......#
#........##.#######
#........##.......#
#........########.#
#........# #.##.#
#).......# #....#
####........# #.####
#.......#########.##
#.......##O@.......#
#....<..##.........#
######.......##...).....#
.............#########.##
.............# #.#
.......####### #.#
.......# #.# .......#
###.# .......# #...#


You could see an ogre.

Vanquished Creatures
  Grinder (D:3)
  2 scorpions (D:4)
  A hound (D:4)
  Natasha (twice) (D:3)
  An orc wizard (D:4)
  Robin (D:3)
  4 gnolls (D:3)
  8 adders
  A dart slug (D:3)
  2 worms
  10 orcs
  9 ball pythons
  5 bats
  5 endoplasms
  4 giant cockroaches
  13 goblins
  7 hobgoblins
  6 jackals
  4 quokkas
  5 frilled lizards
  7 kobolds
  7 rats
105 creatures vanquished.

Notes
Turn   | Place    | Note
-------+----------+-------------------------------------------
     0 | D:1      | MisterFreud the Gargoyle Fighter began the quest for the
                  | Orb.
     0 | D:1      | Reached XP level 1. HP: 14/14 MP: 1/1
   413 | D:1      | Reached XP level 2. HP: 19/19 MP: 2/2
   557 | D:1      | Reached skill level 3 in Maces & Flails
   852 | D:2      | Reached XP level 3. HP: 23/23 MP: 3/3
  1293 | D:2      | Reached skill level 4 in Maces & Flails
  1429 | D:2      | Reached XP level 4. HP: 28/28 MP: 4/4
  1470 | D:2      | Found Fota's Magic Scroll Emporium.
  1477 | D:2      | Bought a scroll of blinking for 97 gold pieces
  2183 | D:3      | Noticed Grinder
  2184 | D:3      | Found Usiatach's Assorted Antiques.
  2484 | D:3      | Paralysed by Grinder for 2 turns
  2489 | D:3      | Paralysed by Grinder for 5 turns
  2502 | D:3      | Paralysed by Grinder for 5 turns
  2513 | D:3      | Killed Grinder
  2514 | D:3      | Reached skill level 6 in Maces & Flails
  2514 | D:3      | Reached XP level 5. HP: 4/32 MP: 5/5
  2514 | D:3      | Reached XP level 6. HP: 5/37 MP: 6/6
  2832 | D:3      | Noticed Robin
  2873 | D:3      | Killed Robin
  2966 | D:3      | Found Zome's Antique Weapon Shoppe.
  3099 | D:3      | Reached skill level 7 in Maces & Flails
  3184 | D:3      | Found a faded altar of an unknown god.
  3222 | D:3      | Found Huroclil's Assorted Antiques.
  3229 | D:3      | Bought a scroll labelled EMUNOS RUDGHO for 25 gold pieces
  3229 | D:3      | Bought a scroll labelled OMAMPEXKOE for 25 gold pieces
  3229 | D:3      | Bought a scroll labelled KOGRAF DIROEDE for 25 gold pieces
  3405 | D:3      | Found Leisuosh's Weapon Shop.
  3503 | D:3      | Found Ohorghome's Weapon Boutique.
  3528 | D:3      | Noticed Natasha
  3540 | D:3      | Killed Natasha
  3687 | D:3      | Noticed Natasha
  3694 | D:3      | Killed Natasha
  3695 | D:3      | Reached XP level 7. HP: 30/41 MP: 7/7
  4211 | D:4      | Found Tiulaosita's Book Shoppe.
  4285 | D:4      | Reached skill level 8 in Maces & Flails
  4918 | D:4      | Identified a scroll of acquirement
  4918 | D:4      | Acquired the +13 crystal plate armour of Zungal {Rampage
                  | Str+3 Int-4 Dex+2}
  4955 | D:5      | Entered Level 5 of the Dungeon
  5060 | D:5      | Found a glowing golden altar of the Shining One.
  5071 | D:4      | Mangled by an ogre

Illustrated notes

Levels and vault maps discovered:
D:1:      nicolae_arrival_somewhat_less_tricky_arrival, layout_rooms,
          item_on_display_a
D:2:      minmay_alternating_diamond, layout_basic, serial_shops, shop
D:3:      layout_loops_ring, serial_shops, shop, nicolae_shop_stone, shop,
          nicolae_shop_statue_plus, nicolae_shop_advertising_works
          [nicolae_subvault_shop_adworks], shapermc_ecumenical_altar_ellora,
          uniq_natasha, uniq_grinder, uniq_robin
D:4:      layout_basic, serial_shops, nicolae_shop_waterfront
D:5:      layout_cave_pools, minmay_ruined_shrine, uniq_blork_the_orc

Skill      XL: |  1  2  3  4  5  6  7 |
---------------+----------------------+-----
Maces & Flails | 3 4 6 7 8 |  8.2
Fighting       | |  3.2
Armour         | |  3.3
Shields        | |  3.2

Action                   |  1- 3 |  4- 6 |  7- 9 || total
-------------------------+-------+-------+-------++-------
Melee: Flail             |   137 |   205 |   108 ||   450
  Use: Scroll            |     3 |     8 |     7 ||    18
       Potion            |       |     5 |       ||     5
Armor: Scale mail        |    98 |   129 |    48 ||   275
       Crystal plate arm |       |       |     4 ||     4
Dodge: Dodged            |    80 |    83 |    34 ||   197
Block: Buckler           |    29 |    42 |    18 ||    89
